 Dungeon Crawl Stone Soup version 0.22-a0-157-g169b76a (webtiles) character file.

1711 KristoblXynda the Cleaver (level 9, -3/73 HPs)
             Began as a Naga Gladiator on Feb 8, 2018.
             Was a Follower of Cheibriados.
             Slain by a yak (6 damage)
             ... on level 7 of the Dungeon.
             The game lasted 00:12:23 (6225 turns).

KristoblXynda the Cleaver (Naga Gladiator)          Turns: 6225, Time: 00:12:23

Health: -3/73      AC:  9    Str: 21    XL:     9   Next: 4%
Magic:  0/9        EV: 10    Int: 14    God:    Cheibriados [*.....]
Gold:   463        SH:  0    Dex: 15    Spells: 8/8 levels left

rFire    . . .     SeeInvis +   a - +0 war axe
rCold    . . .     Gourm    .   (no shield)
rNeg     . . .     Faith    .   x - +0 scale mail
rPois    +         Spirit   +   o - +1 helmet
rElec    .         Reflect  .   w - scarf {Spirit}
rCorr    .         Harm     .   (no gloves)
MR       +....                  (no barding)
Stlth    ++........             j - amulet of regeneration
HPRegen  0.62/turn              (no ring)
MPRegen  0.11/turn              (no ring)

@: lethally poisoned (-3 -> -3), very slow
A: large, see invisible, deformed body, poison resistance, slowness 2, slow
metabolism 1, spit poison 1, AC +3
a: Spit Poison, Bend Time, Renounce Religion


You were on level 7 of the Dungeon.
You worshipped Cheibriados.
Cheibriados was aware of your devotion.
You were not hungry.

You visited 2 branches of the dungeon, and saw 8 of its levels.
You also visited: Sewer.

You collected 463 gold pieces.

Inventory:

Hand Weapons
 a - a +0 war axe (weapon)
 s - the +1 flail "Earthworm" {crush, rF+ Int-2 Dex+3}
   (You found it on level 4 of the Dungeon)

   It inflicts extra damage upon your enemies.
   It affects your intelligence (-2).
   It affects your dexterity (+3).
   It protects you from fire.
Missiles
 d - 3 throwing nets (quivered)
Armour
 o - a +1 helmet (worn)
 w - a scarf of spirit shield (worn)
 x - a +0 scale mail (worn)
Jewellery
 j - an amulet of regeneration (around neck)
Wands
 c - a wand of digging (16)
Scrolls
 g - a scroll of remove curse
 h - 2 scrolls of blinking
 m - 2 scrolls of identify
 n - 4 scrolls of teleportation
 p - a scroll of enchant weapon {unknown}
 q - a scroll of fear {unknown}
 r - a scroll of immolation {unknown}
 t - a scroll of amnesia {unknown}
 u - a scroll of magic mapping
Potions
 e - 2 potions of flight
 i - 2 potions of heal wounds
 k - a potion of magic
 l - a potion of agility
 v - a potion of resistance
Books
 b - a book of Misfortune

   Spells                             Type                      Level
   a - Confusing Touch                Hexes                        1
   b - Confuse                        Hexes                        3
   c - Gell's Gravitas                Translocation                3
   d - Petrify                        Transmutation/Earth          4
   e - Metabolic Englaciation         Hexes/Ice                    5
   f - Yara's Violent Unravelling     Hexes/Transmutation          5
Comestibles
 f - 9 rations


   Skills:
 - Level 2.0 Fighting
 * Level 8.6 Axes
 - Level 2.0 Throwing
 + Level 4.3 Armour
 - Level 4.0 Dodging
 - Level 6.0 Stealth


You had 8 spell levels left.
You didn't know any spells.

Dungeon Overview and Level Annotations

Branches:
Dungeon (7/15)             Temple (1/1) D:4

Altars:
Ashenzari
Cheibriados
Dithmenos
Elyvilon
Fedhas
Gozag
Hepliaklqana
Kikubaaqudgha
Makhleb
Nemelex Xobeh
Okawaru
Qazlal
Ru
Sif Muna
Trog
Uskayaw
Vehumet
Wu Jian
Xom
Yredelemnul
Zin
The Shining One


Innate Abilities, Weirdness & Mutations

You cannot wear boots.
Your serpentine skin is tough. (AC +3)
You have supernaturally acute eyesight. (SInv)
Armour fits poorly on your strangely shaped body.
Your system is resistant to poisons. (rPois)
You cover ground very slowly.
You have a slow metabolism.
You can spit poison.


Message History

You slash the water moccasin!
You kill the water moccasin!
Cheibriados thoroughly appreciates the change of pace.
Cheibriados raises the support of your attributes as your movement slows.
You have reached level 9!
Your experience leads to an increase in your attributes!
Your base attributes are Str 18, Int 10, Dex 12.
Increase (S)trength, (I)ntelligence, or (D)exterity?
You feel clever.
Your skin feels tougher.
Unknown command.
You slash the yak!
The yak is moderately wounded.
You feel sick. The yak gores you!
* * * LOW HITPOINT WARNING * * *
The yak gores you!
* * * LOW HITPOINT WARNING * * *
You slash the yak!
The yak is heavily wounded.
The yak gores you.
You die...

#.# #. . #..####.##
Y. #........##.S.
##..........
###........##
#...........#
.##.#.Y###....%
##Y# #.. ###@####.#
##..........
###.<......#..
########...###..l.#
...........# ....#
..........## ......
### #####....#
#....#> #.##
##....## ...##
...#####(.....# ..#


You could see 2 yaks and a leopard gecko.

Vanquished Creatures
  Sigmund (D:3)
  A yak (D:7)
  A water moccasin (D:7)
  An orc warrior (D:6)
  A black bear (D:6)
  4 ogres
  A crocodile (Sewer)
  A bullfrog (D:6)
  A howler monkey (D:6)
  3 jellies
  3 orc wizards (D:6)
  2 centaur skeletons
  Natasha (twice) (D:3)
  Ijyb (D:5)
  4 worker ants
  The ghost of Xenophilius the Ruffian, a weakling TrMo (D:3)
  Robin (D:3)
  6 adders
  A river rat (D:4)
  A shadow imp (D:6)
  An adder skeleton (D:6)
  5 worms
  A dart slug (D:1)
  2 leopard geckos
  9 orcs
  4 giant cockroaches
  8 hobgoblins
  8 jackals
  5 quokkas
  2 ball pythons (D:4)
  A ball python skeleton (D:4)
  9 bats
  6 frilled lizards
  6 goblins
  8 kobolds
  26 rats
138 creatures vanquished.

Notes
Turn   | Place    | Note
-------+----------+-------------------------------------------
     0 | D:1      | KristoblXynda the Naga Gladiator began the quest for the Orb.
     0 | D:1      | Reached XP level 1. HP: 19/19 MP: 1/1
   215 | D:1      | Reached XP level 2. HP: 17/26 MP: 2/2
   687 | D:2      | Reached skill level 1 in Stealth
   846 | D:2      | Reached XP level 3. HP: 32/32 MP: 3/3
  1457 | D:2      | Reached XP level 4. HP: 34/39 MP: 4/4
  1849 | D:3      | Reached skill level 4 in Axes
  2179 | D:3      | Noticed Robin
  2181 | D:3      | Reached skill level 1 in Armour
  2249 | D:3      | Killed Robin
  2249 | D:3      | Reached XP level 5. HP: 35/45 MP: 5/5
  2312 | D:3      | Noticed Sigmund
  2324 | D:3      | Killed Sigmund
  2324 | D:3      | Reached XP level 6. HP: 17/52 MP: 6/6
  2565 | D:3      | Found a burning altar of Makhleb.
  2567 | D:3      | Noticed Xenophilius's ghost (weakling TrMo)
  2580 | D:3      | Killed Xenophilius's ghost
  2719 | D:3      | Noticed Natasha
  2740 | D:3      | Killed Natasha
  2740 | D:3      | Reached skill level 5 in Axes
  2757 | D:3      | Noticed Natasha
  2761 | D:3      | Killed Natasha
  2846 | D:4      | Found a staircase to the Ecumenical Temple.
  2911 | D:4      | Got an encrusted flail
  3064 | D:4      | Identified the cursed +1 flail "Earthworm" {crush, rF+ Int-2 Dex+3} (You found it on level 4 of the Dungeon)
  3097 | D:4      | Reached XP level 7. HP: 45/60 MP: 7/7
  3141 | D:4      | Found a glowing drain.
  3154 | Sewer    | Entered a sewer
  3391 | D:4      | Reached skill level 5 in Stealth
  3426 | Temple   | Entered the Ecumenical Temple
  3531 | Temple   | Became a worshipper of Cheibriados the Contemplative
  3629 | D:4      | Reached skill level 6 in Axes
  3892 | D:5      | Entered Level 5 of the Dungeon
  3892 | D:5      | Noticed Ijyb
  3908 | D:5      | Killed Ijyb
  4795 | D:5      | Found a sacrificial altar of Ru.
  4863 | D:5      | Reached XP level 8. HP: 39/67 MP: 4/8
  5112 | D:6      | Reached * piety under Cheibriados
  5256 | D:6      | Reached skill level 7 in Axes
  6016 | D:6      | Reached skill level 8 in Axes
  6188 | D:7      | Noticed a yak
  6188 | D:7      | Noticed a yak
  6190 | D:7      | Noticed a yak
  6205 | D:7      | Killed a yak
  6223 | D:7      | Reached XP level 9. HP: 23/73 MP: 3/9
  6224 | D:7      | HP: 3/73 [yak (8)]
  6225 | D:7      | Slain by a yak

Vault maps used:
D:1:      evilmike_arrival_crescent
D:2:      minmay_liquid_box
D:3:      old_standard_altar, minmay_rat_hole, uniq_sigmund, uniq_natasha,
          uniq_robin
D:4:      minmay_temple_entry_glass, portal_sewer_entry_e
D:5:      first_ration, nicolae_ru_the_path_less_chosen, uniq_ijyb
D:6:      eino_tiny_chamber
D:7:      basic_altar, uniq_prince_ribbit1
Temple:   kilobyte_greek_temple
Sewer:    sewer_big_baddie

Skill      XL: |  1  2  3  4  5  6  7  8 |
---------------+-------------------------+-----
Throwing       | 2 |  2.0
Stealth        | 1 2 3 4 6 |  6.0
Axes           | 4 5 6 8 |  8.6
Dodging        | 3 4 |  4.0
Armour         | 1 2 4 |  4.3
Fighting       | |  2.0

Action                   |  1- 3 |  4- 6 |  7- 9 || total
-------------------------+-------+-------+-------++-------
Melee: War axe           |    90 |   163 |   224 ||   477
       Unarmed           |       |     8 |       ||     8
 Abil: Spit Poison       |     6 |    11 |    11 ||    28
  Use: Potion            |       |     1 |     3 ||     4
       Scroll            |       |     9 |     7 ||    16
 Stab: Sleeping          |       |     2 |     3 ||     5
  Eat: Chunk             |     1 |     3 |     1 ||     5
       Ration            |       |     1 |     2 ||     3
Armor: Leather armour    |    15 |       |       ||    15
       Ring mail         |    31 |    68 |    40 ||   139
       Chain mail        |       |       |    78 ||    78
       Scale mail        |       |       |     8 ||     8
Dodge: Dodged            |    71 |    95 |   121 ||   287

Table legend:
 A = Spawn XP
 B = Non-spawn XP
 C = Spawn XP percentage of total XP
 D = Spawn monster count
 E = Non-spawn monster count
 F = Spawn count percentage of total count
 G = Total turns spent on level
                    A         B        C        D         E        F      G
               +---------+---------+-------+---------+---------+-------+---------
         Total |       0 |    2445 |   0.0 |       0 |     138 |   0.0 |  6225
               +---------+---------+-------+---------+---------+-------+---------
           D:1 |       0 |      24 |   0.0 |       0 |      16 |   0.0 |   618
           D:2 |       0 |      61 |   0.0 |       0 |      20 |   0.0 |   946
           D:3 |       0 |     425 |   0.0 |       0 |      45 |   0.0 |  1267
           D:4 |       0 |     442 |   0.0 |       0 |      18 |   0.0 |   725
           D:5 |       0 |     244 |   0.0 |       0 |       9 |   0.0 |  1190
           D:6 |       0 |     803 |   0.0 |       0 |      22 |   0.0 |  1062
           D:7 |       0 |     335 |   0.0 |       0 |       2 |   0.0 |    81
         Sewer |       0 |     111 |   0.0 |       0 |       6 |   0.0 |   198
               +---------+---------+-------+---------+---------+-------+---------
